 Dungeon Crawl Stone Soup version 0.30.1-11-g7821555f0a (webtiles) character file.

Game seed: 8392012438369959546

1145 H0rd4k the Ducker (level 8, -3/61 HPs)
             Began as a Human Artificer on Dec 18, 2023.
             Killed from afar by a steam dragon (18 damage)
             ... with a ball of steam
             ... on level 8 of the Dungeon.
             The game lasted 00:05:30 (4726 turns).

H0rd4k the Ducker (Human Artificer)                 Turns: 4726, Time: 00:05:30

Health: -3/61      AC:  4    Str: 13    XL:     8   Next: 64%
Magic:  8/8        EV: 13    Int: 14    God:
Gold:   246        SH:  0    Dex: 13    Spells: 7/7 levels left

rFire   . . .        e - +2 hand axe (freeze)
rCold   . . .        (no shield)
rNeg    . . .        b - +0 leather armour
rPois   .            (no helmet)
rElec   .            (no cloak)
rCorr   .            (no gloves)
SInv    .            j - +0 pair of boots
Will    .....        o - amulet of magic regeneration
Stlth   +            (no ring)
HPRegen 0.30/turn    (no ring)
MPRegen 0.51/turn

%: no passive effects
@: no status effects
A: no striking features
a: no special abilities


You were on level 8 of the Dungeon.
You visited 1 branch of the dungeon, and saw 6 of its levels.

You collected 246 gold pieces.

Inventory:

Hand Weapons
 e - a +2 hand axe of freezing (weapon)
 E - a +2 antimagic falchion
Missiles
 p - 9 poisoned darts (quivered)
Armour
 b - a +0 leather armour (worn)
 j - a +0 pair of boots (worn)
Magical Staves
 a - a staff of air
 A - a staff of earth
Jewellery
 o - an amulet of magic regeneration (around neck)
Wands
 c - a wand of flame (5)
 d - a wand of charming (9)
Scrolls
 g - 5 scrolls of immolation {unknown}
 h - 2 scrolls of identify {unknown}
 k - 2 scrolls of magic mapping {unknown}
 n - a scroll of teleportation {unknown}
 r - a scroll of fog {unknown}
 s - a scroll of amnesia {unknown}
 v - a scroll of vulnerability {unknown}
 y - 2 scrolls of poison {unknown}
 z - 3 scrolls of enchant weapon {unknown}
Potions
 f - 5 potions of curing {unknown}
 i - a potion of mutation {unknown}
 l - a potion of magic {unknown}
 m - 2 potions of lignification {unknown}
 q - a potion of heal wounds {unknown}
 t - 3 potions of brilliance {unknown}
 u - a potion of degeneration {unknown}
 w - 2 potions of might
 x - 2 potions of haste {unknown}
 B - a potion of resistance {unknown}
 C - a potion of ambrosia {unknown}
 D - a potion of berserk rage {unknown}


   Skills:
 + Level 4.9 Fighting
 + Level 3.6(4.6) Axes
 - Level 4.2(4.9) Maces & Flails
 + Level 0.8 Throwing
 - Level 2.0 Armour
 + Level 5.6 Dodging
 - Level 1.0 Stealth
 - Level 3.0 Evocations


You had 7 spell levels left.
You didn't know any spells.
Your spell library contained the following spells:

 Spells                   Type           Power      Damage    Failure   Level
 Magic Dart               Conj           0%         1d3       36%         1
 Blink                    Tloc           0%         N/A       50%         2
 Call Imp                 Summ           0%         N/A       50%         2
 Frozen Ramparts          Ice            0%         1d1       73%         3
 Gell's Gravitas          Tloc           0%         N/A       73%         3
 Mephitic Cloud           Conj/Pois/Air  0%         N/A       73%         3
 Teleport Other           Tloc           0%         N/A       73%         3
 Ice Form                 Ice/Tmut       0%         N/A       98%         4
 Manifold Assault         Tloc           0%         N/A       98%         4
 Summon Ice Beast         Ice/Summ       0%         N/A       98%         4
 Dispersal                Tloc           0%         N/A       100%        6
 Storm Form               Tmut/Air       0%         N/A       100%        7


Dungeon Overview and Level Annotations

Branches:
Dungeon (5/15)
 Temple: D:4-7

Altars:
Ru

Shops:
D:2 :

Portals:
Abyss: D:3

Annotations:
D:3 2 transporters, mindfreak's ghost, amateur DsGl
D:5 Dowan


Message History

What are your orders? t - Shout!
Orders for allies: a - Attack new target. p - Attack previous target. r - Retreat! s - Stop attacking. g - Guard the area. f - Follow me.
Anything else - Cancel.
Guard this area!
Your gnoll hits the gnoll sergeant with a +0 flail.
The gnoll sergeant hits you from afar with a +2 spear of distortion.
* * * LOW HITPOINT WARNING * * *
You blink.
The gnoll barely misses your gnoll.
Your gnoll barely misses the gnoll sergeant.
Your gnoll closely misses the gnoll.
The gnoll hits your gnoll with a +0 spear!
Your gnoll barely misses something.
Aiming: Charm
Press: ? - help, Shift-Dir - straight line, f - gnoll sergeant
Aim: a gnoll sergeant, wielding a +2 spear of distortion and wearing a +0 scale mail (moderately wounded, chance to affect: 56%)
The gnoll sergeant resists with significant effort.
Something hits the gnoll!
The gnoll dies!
Aiming: Charm
Press: ? - help, Shift-Dir - straight line, f/p - gnoll sergeant
Aim: a gnoll sergeant, wielding a +2 spear of distortion and wearing a +0 scale mail (moderately wounded, chance to affect: 56%)
The gnoll sergeant is charmed.
Unknown command.
What are your orders? t - Shout!
Orders for allies: a - Attack new target. p - Attack previous target. r - Retreat! s - Stop attacking. g - Guard the area. f - Follow me.
Anything else - Cancel.
Guard this area!
Found 15 gold pieces.
A steam dragon comes into view.
The steam dragon hisses angrily.
You swap places.
The steam dragon breathes steam at you. The ball of steam hits you!!
You die...

#...# ##########...#
#.......g..#..
#..g.......#.#
#..........#.#
#.......)..#.##### ###
#.................
#...
#..........#.###..
#....####@........g#.#
#.......§#########.#g#
##....g§# #.#g#
#....§.# #.#g#
.......D.# #.#.#
.........# #.#.#
.....$...# #.#
.......... ..#
.........# ###


You could see a friendly gnoll sergeant (charmed) and 2 friendly gnolls.

Vanquished Creatures
  Sigmund (D:2)
  Eustachio (D:5)
  Duvessa (D:5)
  Pargi (D:3)
  A sky beast (D:5)
  An ogre (D:4)
  A centaur (D:5)
  A phantom (D:4)
  A hound (D:5)
  An orc priest (D:4)
  An iguana (D:4)
  16 adders
  A worm (D:4)
  3 dart slugs
  7 orcs
  15 ball pythons
  3 bats
  7 endoplasms
  4 giant cockroaches
  12 goblins
  8 hobgoblins
  3 kobolds
  2 quokkas
  2 frilled lizards (D:2)
  4 rats
98 creatures vanquished.

Vanquished Creatures (collateral kills)
  A gnoll (D:8)
  A shadow imp (D:5)
  A ball python (D:2)
  2 kobolds (D:2)
5 creatures vanquished.

Vanquished Creatures (others)
  An ogre (D:5)
  A jelly (D:5)
  An orc (D:4)
3 creatures vanquished.

Grand Total: 106 creatures vanquished

Notes
Turn   | Place    | Note
-------+----------+-------------------------------------------
     0 | D:1      | H0rd4k the Human Artificer began the quest for the Orb.
     0 | D:1      | Reached XP level 1. HP: 15/15 MP: 1/1
   109 | D:1      | Reached XP level 2. HP: 17/21 MP: 2/2
   394 | D:1      | Reached skill level 2 in Dodging
   425 | D:1      | Reached XP level 3. HP: 18/27 MP: 3/3
   835 | D:2      | Reached skill level 1 in Maces & Flails
   882 | D:2      | Reached XP level 4. HP: 28/33 MP: 4/4
  1161 | D:2      | Noticed Sigmund
  1293 | D:2      | Reached XP level 5. HP: 23/39 MP: 5/5
  1324 | D:2      | Killed Sigmund
  1325 | D:2      | Reached skill level 3 in Dodging
  1325 | D:2      | Reached XP level 6. HP: 25/47 MP: 6/6
  1419 | D:2      | Found Paphixich's Book Shop.
  1432 | D:2      | Found a sacrificial altar of Ru.
  1654 | D:3      | Found a transporter.
  1657 | D:3      | Noticed a small abomination
  1674 | D:3      | Noticed a small abomination
  1674 | D:3      | Noticed mindfreak's ghost (amateur DsGl)
  1996 | D:3      | Found a transporter.
  2052 | D:3      | Found a one-way gate to the infinite horrors of the Abyss.
  2064 | D:3      | Noticed Pargi
  2071 | D:3      | Killed Pargi
  2072 | D:3      | Reached skill level 4 in Dodging
  2072 | D:3      | Reached XP level 7. HP: 52/52 MP: 7/7
  3520 | D:4      | You fall into a shaft and drop 1 floor!
  3520 | D:5      | Entered Level 5 of the Dungeon
  3728 | D:4      | Reached skill level 1 in Axes
  4024 | D:5      | Reached skill level 5 in Dodging
  4091 | D:5      | Reached XP level 8. HP: 55/60 MP: 8/8
  4411 | D:5      | Noticed Eustachio
  4455 | D:5      | Killed Eustachio
  4669 | D:5      | Noticed Duvessa
  4669 | D:5      | Noticed Dowan
  4687 | D:5      | Killed Duvessa
  4693 | D:5      | You fall into a shaft and drop 3 floors!
  4726 | D:8      | Killed from afar by a steam dragon

Illustrated notes

Levels and vault maps discovered:
D:1:      lightli_arrival_noodles, layout_rooms, minmay_3d_cube
D:2:      minmay_recursive_quarters, layout_rooms, basic_altar, serial_shops,
          nicolae_shop_trees, uniq_sigmund
D:3:      layout_basic, gammafunk_ghost_abyssal_escape, minmay_snake_closets,
          uniq_pargi, uniq_robin
D:4:      layout_rooms
D:5:      layout_cave_pools, elyvilon_altar_3, nicolae_gozag_zags_fifth_avenue,
          uniq_eustachio, uniq_ijyb, uniq_duvessa
D:8:      kennysheep_seaside_town, layout_basic, enter_bailey_3

Skill      XL: |  1  2  3  4  5  6  7  8 |
---------------+-------------------------+-----
Dodging        | 2 3 4 5 |  5.6
Maces & Flails | 1 2 3 4 |  4.2
Fighting       | 2 3 4 |  4.9
Axes           | 1 3 |  3.6
Throwing       | |  0.8
Armour         | |  2.0
Stealth        | |  1.0
Evocations     | |  3.0

Action                     |  1- 3 |  4- 6 |  7- 9 || total
---------------------------+-------+-------+-------++-------
  Melee: Club              |   104 |   132 |   158 ||   394
         Punch             |       |     3 |     2 ||     5
         Hand axe          |       |       |   130 ||   130
  Throw: Dart              |       |       |     5 ||     5
  Evoke: Wand              |     6 |    10 |    14 ||    30
   Stab: Sleeping          |       |     1 |     2 ||     3
 Armour: Leather armour    |    42 |    40 |    70 ||   152
  Dodge: Dodged            |    78 |   136 |   216 ||   430
